 Dungeon Crawl Stone Soup version 0.29-a0-506-ga2e7fffb44 (webtiles) character file.

Game seed: 741949548670350199

70 jlumianski the Skirmisher (level 4, 0/29 HPs)
             Began as a Gargoyle Monk on May 28, 2022.
             Slain by a gnoll
             ... wielding a +0 club
             ... led by a gnoll shaman
              (2 damage)
             ... on level 5 of the Dungeon on May 29, 2022.
             The game lasted 00:07:50 (2248 turns).

jlumianski the Skirmisher (Gargoyle Monk)           Turns: 2248, Time: 00:07:51

Health: 0/29       AC:  5    Str: 15    XL:     4   Next: 21%
Magic:  4/4        EV: 12    Int: 10    God:
Gold:   81         SH:  0    Dex: 12    Spells: 3/3 levels left

rFire   . . .      SeeInvis .   h - +6 dagger "Bingo" {vamp, rPois rCorr Str-2 Stlth+}
rCold   . . .      Faith    .   (no shield)
rNeg    + . .      Spirit   .   b - +0 robe
rPois   ∞          Reflect  .   (no helmet)
rElec   +          Harm     .   (no cloak)
rCorr   +          Rampage  .   (no gloves)
Will    .....                   (no boots)
Stlth   +++.......              (no amulet)
HPRegen 0.09/turn               (no ring)
MPRegen 0.09/turn               (no ring)

@: no status effects
A: sickness immunity, AC +3, negative energy resistance 1, electricity
resistance, torment resistance 1, petrification resistance
a: no special abilities


You were on level 5 of the Dungeon.
You visited 1 branch of the dungeon, and saw 4 of its levels.

You collected 81 gold pieces.

Inventory:

Hand Weapons
 a - a +0 hand axe
 h - the +6 dagger "Bingo" (weapon) {vamp, rPois rCorr Str-2 Stlth+}
   (You found it on level 2 of the Dungeon)

   It occasionally heals its wielder for a portion of the damage dealt when it
   wounds a living foe.
   Str:       It affects your strength (-2).
   rPois:     It protects you from poison.
   rCorr:     It protects you from acid and corrosion.
   Stlth:     It makes you more stealthy.
Armour
 b - a +0 robe (worn)
Scrolls
 d - 4 scrolls of identify {unknown}
 e - a scroll of blinking {unknown}
 f - a scroll of fear {unknown}
 k - a scroll of enchant armour {unknown}
 l - a scroll of vulnerability {unknown}
Potions
 c - a potion of ambrosia
 g - a potion of lignification {unknown}
 i - a potion of attraction {unknown}
 j - a potion of flight {unknown}
 m - a potion of curing {unknown}


   Skills:
 + Level 4.1 Fighting
 - Level 3.2 Axes
 + Level 3.0 Dodging
 + Level 2.6 Stealth


You had 3 spell levels left.
You didn't know any spells.
Your spell library contained the following spells:

 Spells                   Type           Power      Damage    Failure   Level
 Beastly Appendage        Tmut           0%         N/A       36%         1
 Wereblood                Tmut           0%         N/A       50%         2
 Spider Form              Tmut/Pois      0%         N/A       75%         3


Dungeon Overview and Level Annotations

Branches:
Dungeon (3/15)

Altars:


Innate Abilities, Weirdness & Mutations

You are immune to sickness and miasma.
Your stone body is resilient. (AC +3)
You are immune to poison.
You resist negative energy. (rN+)
You are resistant to electric shocks. (rElec)
You are resistant to unholy torment.
You are immune to petrification.


Message History

The adder is severely wounded.
The adder bites you.
The gnoll shaman calls upon its god to speed up something.
You hit the adder.
You feel better.
You kill the adder!
You hit the gnoll.
You feel better.
The gnoll is moderately wounded.
The gnoll closely misses you. The gnoll hits you with a +0 club.
You closely miss the gnoll.
The gnoll is moderately wounded.
The gnoll hits you from afar with a +2 spear of venom.
The gnoll misses you.
You hit the gnoll.
You feel better.
The gnoll is heavily wounded.
The gnoll hits you but does no damage.
The gnoll hits you from afar with a +2 spear of venom.
You completely miss the gnoll.
The gnoll is heavily wounded.
The gnoll hits you with a +0 club.
The gnoll hits you from afar with a +2 spear of venom.
You barely miss the gnoll.
The gnoll is heavily wounded.
The gnoll hits you with a +0 club. The gnoll barely misses you.
You hit the gnoll.
You feel better.
The gnoll is almost dead.
The gnoll completely misses you.
The gnoll hits you from afar with a +2 spear of venom.
The gnoll attacks as you move away! The gnoll hits you with a +0 club.
The gnoll attacks as you move away! The gnoll hits you with a +0 club.
* * * LOW HITPOINT WARNING * * *
The gnoll attacks as you move away! The gnoll barely misses you.
The gnoll attacks as you move away! The gnoll barely misses you.
Okay, then.
The gnoll attacks as you move away! The gnoll hits you with a +0 club.
* * * LOW HITPOINT WARNING * * *
The gnoll attacks as you move away! The gnoll closely misses you.
The gnoll attacks as you move away! The gnoll barely misses you.
The gnoll attacks as you move away! The gnoll closely misses you.
The gnoll attacks as you move away! The gnoll hits you with a +0 club.
You die...

#.#.#######.##.#.#
#####.#######.
....#.....#....#..
#.........
........#.#.######
#########.
.####g#.#.#....#####
....#g#.#.#.##.....#
###.#.#.#.#.######.# #
#..#g#.#.#.g......######..#
#.##.#.#.#######g.........#
#.##g#.#.......@.######.###
#......#.....##### #
#####.....>#.# #..#.#...#
######.##.....#
#..g............
#......######.##. #......#
#.# #......#


You could see a gnoll.

Vanquished Creatures
  3 adders
  A worm (D:2)
  3 dart slugs
  5 ball pythons
  4 endoplasms
  3 hobgoblins
  4 jackals (D:1)
  A quokka (D:1)
  2 frilled lizards (D:1)
  5 goblins
  A kobold (D:2)
32 creatures vanquished.

Vanquished Creatures (others)
  2 fungi (D:1)
  2 plants (D:1)
4 creatures vanquished.

Grand Total: 36 creatures vanquished

Notes
Turn   | Place    | Note
-------+----------+-------------------------------------------
     0 | D:1      | jlumianski the Gargoyle Monk began the quest for the Orb.
     0 | D:1      | Reached XP level 1. HP: 14/14 MP: 1/1
    86 | D:1      | Reached XP level 2. HP: 16/20 MP: 2/2
   605 | D:1      | Found a faded altar of an unknown god.
   778 | D:1      | Reached XP level 3. HP: 16/24 MP: 3/3
  1741 | D:2      | Identified the +6 dagger "Bingo" {vamp, rPois rCorr Str-2
                  | Stlth+}
  1811 | D:2      | Reached skill level 4 in Fighting
  2053 | D:2      | Reached XP level 4. HP: 29/29 MP: 4/4
  2086 | D:3      | You fall into a shaft and drop 2 floors!
  2086 | D:5      | Entered Level 5 of the Dungeon
  2241 | D:5      | HP: 1/29 [gnoll/+0 club[a gnoll shaman] (6)]
  2248 | D:5      | Slain by a gnoll

Illustrated notes

Levels and vault maps discovered:
D:1:      shiori_shiawase, layout_loops_ring,
          shapermc_ecumenical_altar_mp_ritualfount, hangedman_decor_riveting
D:2:      layout_basic, minmay_strange_pillars
D:3:      layout_basic, serial_forest, infiniplex_forest_clump_C,
          infiniplex_forest_diagonal, infiniplex_forest_straight_3,
          infiniplex_forest_lined_2, infiniplex_forest_clump_cross,
          infiniplex_forest_lined_2, infiniplex_forest_clump_small,
          infiniplex_forest_end_3, uniq_terence
D:5:      layout_basic

Skill      XL: |  1  2  3 |
---------------+----------+-----
Axes           | 3 |  3.2
Fighting       | 4 |  4.1
Dodging        | 3 |  3.0
Stealth        | |  2.6

Action                   |  1- 3 |  4- 6 || total
-------------------------+-------+-------++-------
Melee: Hand axe          |    81 |       ||    81
       Dagger            |    17 |    20 ||    37
       Punch             |     3 |       ||     3
 Stab: Sleeping          |     3 |       ||     3
Armor: Robe              |    34 |     9 ||    43
Dodge: Dodged            |    52 |    19 ||    71

Table legend: (Time is in decaauts)
 A = Elapsed time spent in this place.
 B = Non-inter-level travel time spent in this place.
 C = Inter-level travel time spent in this place.
 D = Time resting spent in this place.
 E = Time spent auto-exploring this place.
 F = Levels seen in this place.
 G = Mean time per level.
                   A        B        C        D        E       F      G
               +--------+--------+--------+--------+--------+-----+--------+
         Total |   2262 |   2211 |     51 |    258 |   1287 |   4 |  565.5 |
       Dungeon |   2262 |   2211 |     51 |    258 |   1287 |   4 |  565.5 |
               +--------+--------+--------+--------+--------+-----+--------+

Top non-repeatable levels by time:
     D:1: 1165 daAuts
     D:2: 935 daAuts
     D:5: 161 daAuts
